 Dungeon Sprint DCSS version 0.23-a0-396-g5214e5f (webtiles) character file.

8800000 namelastname112 the Formicid Barricade (level 27, -21/249 HPs)
             Began as a Formicid Fighter on Nov 2, 2018.
             Was the Champion of Makhleb.
             Killed from afar by a wretched soul (114 damage)
             ... with a bolt of negative energy
             ... in the Dungeon (Sprint VIII: "Arena of Blood").
             The game lasted 00:01:51 (88 turns).

namelastname112 the Formicid Barricade (FoFi)         Turns: 88, Time: 00:01:51

Health: -21/249    AC: 12    Str: 22    XL:     27
Magic:  35/54      EV: 30    Int: 11    God:    Makhleb [******]
Gold:   0          SH: 19    Dex: 19    Spells: 80/80 levels left

rFire    . . .     SeeInvis +   k - +∞ Axe of Woe
rCold    . . .     Gourm    .   b - +0 shield
rNeg     . . .     Faith    .   a - +0 scale mail
rPois    .         Spirit   .   (helmet unavailable)
rElec    .         Reflect  .   (no cloak)
rCorr    .         Harm     .   (no gloves)
MR       ++...                  (no boots)
Stlth    ++++++++..             (no amulet)
HPRegen  0.51/turn              (no ring)
MPRegen  0.34/turn              (no ring)

@: drained
A: permanent stasis, dig shafts and tunnels, four strong arms, antennae 3
a: Dig, Minor Destruction, Lesser Servant of Makhleb, Major Destruction, Greater
Servant of Makhleb, Renounce Religion


You were in the Dungeon.
You worshipped Makhleb.
Makhleb was exalted by your worship.
You were not hungry.

You visited 1 branch

Inventory:

Hand Weapons
 k - the +∞ Axe of Woe (weapon)
   (You found it in the Dungeon)
Armour
 a - a +0 scale mail (worn)
 b - a +0 shield (worn)
Scrolls
 j - a scroll of blinking
Potions
 c - a potion of might
 e - a potion of curing
 g - a potion of haste
 h - 2 potions of magic
 i - a potion of berserk rage
Comestibles
 d - a ration


   Skills:
 O Level 27(25.5) Fighting
 O Level 27(25.5) Axes
 O Level 27(25.5) Throwing
 O Level 27(25.5) Armour
 O Level 27(25.5) Dodging
 O Level 27(25.5) Stealth
 O Level 27(25.5) Shields
 O Level 27(25.5) Unarmed Combat
 O Level 27(25.5) Spellcasting
 O Level 27(25.5) Invocations


You had 80 spell levels left.
You didn't know any spells.
Your spell library was empty.

Dungeon Overview and Level Annotations

Branches:
Dungeon (1/1)

Altars:
Makhleb


Innate Abilities, Weirdness & Mutations

You cannot be hasted, slowed, berserked, paralysed or teleported.
You can dig through walls and to a lower floor.
Your four strong arms can wield two-handed weapons with a shield.
You have a pair of large antennae on your head. (SInv)


Message History

You destroy the crawling corpse!
You slash the wretched soul!
You hew the wretched soul savagely.
You destroy the wretched soul!
Makhleb accepts your kill.
You feel better.
You slice the crawling corpse!!
You pulverise the crawling corpse into a thin bloody mist.
You destroy the crawling corpse!
You slice the large abomination!!
You fatally mangle the large abomination.
You destroy the large abomination!
Makhleb accepts your kill.
You feel better.
You hear a shout! x2
The meat berserker rages.
You hear a shout!
The eight-headed meat hydra calls on the powers of darkness!
The eight-headed meat hydra convulses!
Your body is wracked with pain!
The wretched soul breathes negative energy at you.
The bolt of negative energy hits you!
You feel drained.
You die... ........{.. ..... {{{{

{ #.... ..#{{ .. {
#... {.#{ .
...###... {z.###..
.....%.o###zo.%...
#....x))Wx).......
...{#)))).#.... {.
#_@<)_# .
....#)).X.#....
#.....W)%X.O.....
.....x.W###...O..
...###.W. ..###.
.. #..{ {.%#
#....{..#{ .D...{
.. ....... ..


You could see an eight-headed meat hydra, 2 sculptors of flesh, 2 large
abominations, 3 wretched souls, a dread, 2 meat berserkers, a small abomination,
2 bags of meat and 2 crawling corpses.

Vanquished Creatures
  3 hell beasts (D)
  A greater mummy (D)
  3 wraiths (D)
  8 vampire knights (D)
  26 ogres (D)
  3 two-headed ogres (D)
  2 liches (D)
  2 hydras (D)
  21 orcs (D)
  A phantom (D)
  2 skeletal warriors (D)
  4 large abominations (D)
  A small abomination (D)
  5 crawling corpses (D)
82 creatures vanquished.

Vanquished Creatures (collateral kills)
  A crawling corpse (D)
1 creature vanquished.

Vanquished Creatures (others)
  A crawling corpse (D)
1 creature vanquished.

Grand Total: 84 creatures vanquished

Notes
Turn   | Place    | Note
-------+----------+-------------------------------------------
     0 | D        | Found the +∞ Axe of Woe
     0 | D        | namelastname112 the Formicid Fighter began the quest for
                  | the Orb.
     0 | D        | Reached XP level 1. HP: 18/18 MP: 1/1
     2 | D        | Noticed a bag of meat
     4 | D        | Became a worshipper of Makhleb the Destroyer
     4 | D        | Noticed a bag of meat
     5 | D        | Noticed a bag of meat
     8 | D        | Killed a bag of meat
     8 | D        | Reached XP level 2. HP: 47/47 MP: 2/2
     8 | D        | Reached XP level 3. HP: 53/53 MP: 3/3
     8 | D        | Reached XP level 4. HP: 60/60 MP: 4/4
     8 | D        | Reached XP level 5. HP: 67/67 MP: 5/5
     8 | D        | Reached XP level 6. HP: 74/74 MP: 6/6
     8 | D        | Reached XP level 7. HP: 80/80 MP: 7/7
     8 | D        | Reached XP level 8. HP: 87/87 MP: 8/8
     8 | D        | Reached XP level 9. HP: 93/93 MP: 9/9
     8 | D        | Reached XP level 10. HP: 101/101 MP: 10/10
     8 | D        | Reached XP level 11. HP: 107/107 MP: 11/11
     8 | D        | Reached XP level 12. HP: 114/114 MP: 12/12
     9 | D        | Killed a bag of meat
     9 | D        | Reached * piety under Makhleb
     9 | D        | Reached skill level 5 in Axes
     9 | D        | Reached XP level 13. HP: 126/126 MP: 13/13
    10 | D        | Killed a bag of meat
    10 | D        | Reached skill level 10 in Unarmed Combat
    10 | D        | Reached XP level 14. HP: 138/138 MP: 14/14
    10 | D        | Noticed a bag of meat
    10 | D        | Noticed a bag of meat
    10 | D        | Noticed a bag of meat
    12 | D        | Noticed a meat berserker
    12 | D        | Noticed a meat berserker
    14 | D        | Killed a bag of meat
    14 | D        | Reached XP level 15. HP: 147/147 MP: 15/15
    14 | D        | Noticed a meat berserker
    15 | D        | Noticed a large bag of meat
    16 | D        | Killed a meat berserker
    16 | D        | Reached ** piety under Makhleb
    16 | D        | Reached skill level 10 in Axes
    16 | D        | Reached XP level 16. HP: 160/160 MP: 16/16
    17 | D        | Killed a meat berserker
    17 | D        | Reached skill level 27 in Shields
    17 | D        | Reached skill level 27 in Fighting
    17 | D        | Reached skill level 15 in Axes
    17 | D        | Reached skill level 27 in Armour
    17 | D        | Reached XP level 17. HP: 168/174 MP: 17/17
    17 | D        | Killed a meat berserker
    17 | D        | Reached *** piety under Makhleb
    17 | D        | Reached XP level 18. HP: 176/182 MP: 18/18
    21 | D        | Reached **** piety under Makhleb
    21 | D        | Reached skill level 27 in Axes
    21 | D        | Noticed a meat berserker
    21 | D        | Noticed a meat berserker
    23 | D        | Reached XP level 19. HP: 189/189 MP: 19/19
    24 | D        | Killed a large bag of meat
    24 | D        | Reached skill level 27 in Unarmed Combat
    24 | D        | Noticed a meat berserker
    24 | D        | Noticed a meat berserker
    25 | D        | Noticed a meat berserker
    25 | D        | Noticed a large bag of meat
    26 | D        | Killed a meat berserker
    26 | D        | Reached skill level 10 in Dodging
    26 | D        | Reached XP level 20. HP: 183/197 MP: 19/35
    26 | D        | Killed a meat berserker
    26 | D        | Reached ***** piety under Makhleb
    27 | D        | Noticed a meat berserker
    27 | D        | Killed a meat berserker
    27 | D        | Reached skill level 15 in Dodging
    27 | D        | Reached XP level 21. HP: 204/204 MP: 19/41
    28 | D        | Noticed a meat berserker
    28 | D        | Noticed a large bag of meat
    29 | D        | Noticed an eight-headed meat hydra
    29 | D        | Noticed a destroyer
    29 | D        | Noticed a destroyer
    30 | D        | Killed a large bag of meat
    30 | D        | Killed a meat berserker
    30 | D        | Reached XP level 22. HP: 212/212 MP: 19/45
    30 | D        | Noticed a destroyer
    31 | D        | Noticed a destroyer
    32 | D        | Killed a meat berserker
    33 | D        | Killed a meat berserker
    33 | D        | Reached skill level 27 in Stealth
    33 | D        | Killed a destroyer
    33 | D        | Reached ****** piety under Makhleb
    33 | D        | Reached skill level 27 in Invocations
    33 | D        | Reached XP level 23. HP: 219/219 MP: 20/51
    36 | D        | Killed a destroyer
    36 | D        | Reached skill level 27 in Throwing
    36 | D        | Reached skill level 27 in Spellcasting
    37 | D        | Reached skill level 27 in Dodging
    37 | D        | Reached XP level 24. HP: 227/227 MP: 21/54
    37 | D        | Noticed a destroyer
    39 | D        | Killed a large bag of meat
    40 | D        | Noticed a destroyer
    41 | D        | Killed a destroyer
    41 | D        | Reached XP level 25. HP: 234/234 MP: 22/54
    41 | D        | Noticed a destroyer
    42 | D        | Killed a destroyer
    44 | D        | Reached XP level 26. HP: 242/242 MP: 23/54
    45 | D        | Noticed a tyrant
    47 | D        | Killed a destroyer
    48 | D        | Killed a destroyer
    48 | D        | Reached XP level 27. HP: 249/249 MP: 24/54
    48 | D        | Noticed a tyrant
    53 | D        | Noticed a destroyer
    55 | D        | Noticed an accursed
    56 | D        | Killed a tyrant
    56 | D        | Killed a destroyer
    61 | D        | Killed a destroyer
    66 | D        | Noticed a dread
    67 | D        | Killed a tyrant
    68 | D        | Killed an accursed
    68 | D        | Killed a dread
    69 | D        | Noticed a dread
    71 | D        | Noticed a meat beast
    73 | D        | Noticed a dread
    74 | D        | Noticed a meat beast
    77 | D        | Killed a meat beast
    78 | D        | Noticed a meat beast
    78 | D        | Noticed a dread
    79 | D        | Killed a meat beast
    79 | D        | Killed a meat beast
    79 | D        | Noticed a dread
    80 | D        | Killed a dread
    81 | D        | Killed a dread
    88 | D        | Killed from afar by a wretched soul

Vault maps used:
D:        meatsprint

Skill      XL: |  1  2  3  4  5  6  7  8  9 10 11 12 13 14 15 16 17 18 19 20 21 22 23 |
---------------+----------------------------------------------------------------------+-----
Fighting       | 17 19 21 22 24 27 | 27.0
Axes           | 4 5 7 8 10 15 21 27 | 27.0
Armour         | 17 19 21 22 24 27 | 27.0
Shields        | 18 20 22 23 25 27 | 27.0
Unarmed Combat | 8 9 10 11 12 14 17 24 27 | 27.0
Throwing       | 11 16 19 24 27 | 27.0
Dodging        | 10 15 18 22 27 | 27.0
Stealth        | 14 20 24 27 | 27.0
Spellcasting   | 11 16 19 24 27 | 27.0
Invocations    | 13 19 22 27 | 27.0

Action                   |  1- 3 |  4- 6 |  7- 9 | 10-12 | 13-15 | 16-18 | 19-21 | 22-24 | 25-27 || total
-------------------------+-------+-------+-------+-------+-------+-------+-------+-------+-------++-------
Melee: Executioner's axe |     1 |       |       |     1 |     3 |     4 |     4 |     6 |    35 ||    54
Invok: Greater Servant o |       |       |       |       |       |       |       |       |     2 ||     2
  Use: Potion            |       |       |       |       |       |       |       |       |     1 ||     1
Armor: Scale mail        |       |       |       |       |       |       |       |     1 |     4 ||     5
Dodge: Dodged            |       |       |       |       |       |       |       |       |     4 ||     4
Block: Shield            |       |       |       |       |       |     1 |       |       |     4 ||     5

Table legend:
 A = Non-vault XP
 B = Vault XP
 C = Vault XP percentage of total XP
 D = Non-vault monster count
 E = Vault monster count
 F = Vault count percentage of total count
                 A         B        C        D         E       F
            +---------+---------+-------+---------+---------+-------
      Total | 2085346 |  525732 |  20.1 |      51 |      26 |  33.8
            +---------+---------+-------+---------+---------+-------
          D | 2085346 |  525732 |  20.1 |      51 |      26 |  33.8
            +---------+---------+-------+---------+---------+-------
